 Dungeon Crawl Stone Soup version 0.28-a0-616-gdeb3d7f7b4 (webtiles) character file.

Game seed: 11954676233368094871

2324 edcfbkj the Covert (level 9, -5/39 HPs)
             Began as a Spriggan Enchanter on Oct 6, 2021.
             Was a Follower of Dithmenos.
             Slain by a sixfirhy (11 damage)
             ... summoned by an orc high priest
             ... in a bailey.
             The game lasted 00:18:46 (5648 turns).

edcfbkj the Covert (Spriggan Enchanter)             Turns: 5648, Time: 00:18:47

Health: -5/39      AC:  4    Str:  7    XL:     9   Next: 19%
Magic:  3/23       EV: 17    Int: 16    God:    Dithmenos [*.....]
Gold:   316        SH:  0    Dex: 16    Spells: 18/26 levels left

rFire   . . .      SeeInvis +   j - +3 dagger (holy)
rCold   . . .      Faith    .   (shield restricted)
rNeg    . . .      Spirit   .   m - +1 robe
rPois   .          Reflect  .   (helmet restricted)
rElec   .          Harm     .   r - +0 cloak
rCorr   .          Rampage  .   (gloves unavailable)
Will    +....                   (boots unavailable)
Stlth   +++++.....              g - amulet of regeneration
HPRegen 1.13/turn               l - ring of wizardry
MPRegen 0.18/turn               (no ring)

@: wreathed by umbra, very quick
A: very small, no large weapons, unfitting armour, see invisible, speed 3
a: Renounce Religion


You were in a bailey.
You worshipped Dithmenos.
Dithmenos was aware of your devotion.
You visited 2 branches of the dungeon, and saw 8 of its levels.
You also visited: Bailey.

You collected 352 gold pieces.
You spent 36 gold pieces at shops.

Inventory:

Hand Weapons
 a - a +1 dagger
 j - a +3 dagger of holy wrath (weapon)
 q - a +1 dagger of draining
Missiles
 d - 4 atropa-tipped darts (quivered)
Armour
 m - a +1 robe (worn)
 r - a +0 cloak (worn)
Jewellery
 g - an amulet of regeneration (around neck)
 h - an amulet of the acrobat
 l - a ring of wizardry (left hand)
 n - a ring of fire
 o - an amulet of magic regeneration
Scrolls
 b - a scroll of teleportation
Potions
 c - a potion of invisibility
 e - 6 potions of lignification
 f - a potion of attraction
 i - a potion of curing
 k - a potion of might {unknown}
 p - a potion of resistance {unknown}


   Skills:
 - Level 1.1 Short Blades
 - Level 2.6 Dodging
 + Level 10.4 Stealth
 + Level 9.4 Spellcasting
 + Level 9.8 Hexes


You had 18 spell levels left.
You knew the following spells:

 Your Spells              Type           Power      Damage    Failure   Level
a - Ensorcelled Hibernat  Hex/Ice        46%        N/A       1%          2
b - Tukima's Dance        Hex            38%        N/A       1%          3
c - Dazzling Flash        Conj/Hex       46%        N/A       1%          3

Your spell library contained the following spells:

 Spells                   Type           Power      Damage    Failure   Level
 Confusing Touch          Hex            38%        N/A       1%          3
 Sandblast                Erth           14%        2d6       4%          1
 Passwall                 Tmut/Erth      5%         N/A       6%          2
 Stone Arrow              Conj/Erth      14%        3d7       12%         3


Dungeon Overview and Level Annotations

Branches:
Dungeon (7/15)             Temple (1/1) D:4          Bailey (1/1)

Altars:
Ashenzari
Dithmenos
Hepliaklqana
Kikubaaqudgha
Nemelex Xobeh
Okawaru
Qazlal
Sif Muna
Vehumet
Zin

Shops:
D:1 [*


Innate Abilities, Weirdness & Mutations

You are very small and have problems with some larger weapons.
You are too small for most types of armour.
You have supernaturally acute eyesight. (SInv)
You cover ground extremely quickly. (Speed+++)


Message History

Aim: an orc high priest, wielding a +0 broad axe and wearing a +0 ring mail (umbra, chance to affect: 31%)
The orc high priest easily resists.
The orc high priest misses you.
Unknown command.
Casting: Tukima's Dance (safe; 1% risk of failure)
Confirm with . or Enter, or press ? or * to list all spells.
Aiming: Tukima's Dance (safe; 1% risk of failure)
Press: ? - help, Shift-Dir - straight line, f/p - orc high priest
Aim: an orc high priest, wielding a +0 broad axe and wearing a +0 ring mail (umbra, chance to affect: 31%)
Okay, then.
Casting: Tukima's Dance (safe; 1% risk of failure)
Confirm with . or Enter, or press ? or * to list all spells.
Aiming: Tukima's Dance (safe; 1% risk of failure)
Press: ? - help, Shift-Dir - straight line, f/p - orc high priest
Aim: an orc high priest, wielding a +0 broad axe and wearing a +0 ring mail (umbra, chance to affect: 31%)
The +0 broad axe dances into the air!
The orc high priest utters an invocation to Beogh.
Unknown command.
You hit the orc high priest but do no damage.
The sixfirhy misses you. The orc high priest barely misses you.
Unknown command.
Casting: Tukima's Dance (safe; 1% risk of failure)
Confirm with . or Enter, or press ? or * to list all spells.
Casting: Dazzling Flash (safe; 1% risk of failure)
Press: ? - help, Dir - look around, f - activate The orc high priest is dazzled.
The sixfirhy is dazzled.
The ynoxinul is dazzled.
The sixfirhy hits you! The sixfirhy shocks you! The sixfirhy hits you.
The sixfirhy shocks you!
* * * LOW HITPOINT WARNING * * *
The sixfirhy misses you.
The sixfirhy hits you but does no damage.
The orc high priest misses you.
Something hits your +0 broad axe.
Your +0 broad axe barely misses the orc high priest.
Your +0 broad axe hits something.
Dithmenos accepts your kill.
You feel a bit more experienced.
Unknown command.
You feel better. The sixfirhy hits you!
* * * LOW HITPOINT WARNING * * *
The sixfirhy shocks you!
You die...

#≈≈≈≈≈######.......#
#≈≈≈≈≈≈.#......#....#
#####.≈≈≈≈≈.#......#....#))
......≈≈≈≈≈.#''#####....#..
......≈≈≈≈≈.#.....# ...g#..
............'.....# o...# #
.∩.........))).⌠..# .o_o#
...........[)..33.# g...#
......≈≈≈≈≈)#..o@.# o.#
......≈≈≈≈≈.#'(##### ..o#
#####.≈≈≈≈≈.#...g..#....#
#≈≈≈≈≈≈.#......#....#
#≈≈≈≈≈######..o....#
#≈≈≈≈≈# #.8.8.8.+ #≈≈≈≈≈#
#.......# #≈≈≈≈≈# #######+#
#≈≈≈≈≈#


You could see an orc high priest (wandering, blind, ally target), a sixfirhy
(summoned, blind), a ynoxinul (summoned, blind) and a friendly +0 broad axe.

Vanquished Creatures
  An orc sorcerer (Bailey)
  Grinder (D:5)
  Sigmund (D:4)
  Menkaure (D:6)
  An ice beast (D:5)
  An orc warrior (Bailey)
  A black bear (D:3)
  A necrophage (D:6)
  2 ogres
  A bullfrog (D:6)
  A scorpion (D:6)
  An electric eel (Bailey)
  A vampire bat (D:4)
  2 hounds
  Crazy Yiuf (D:5)
  2 gnoll shamans
  An orc priest (D:4)
  2 bullfrog skeletons
  3 iguanas
  4 orc wizards
  Terence (D:2)
  A hound skeleton (D:5)
  8 gnolls
  2 adders (D:5)
  A white imp (D:5)
  2 adder skeletons (D:4)
  A worm (D:4)
  2 dart slugs (D:4)
  3 fire bats (D:4)
  13 orcs
  2 spectral bats (D:4)
  4 ball pythons
  11 bats
  3 bat skeletons (D:4)
  A bat zombie (D:4)
  4 endoplasms
  4 giant cockroaches
  9 goblins
  6 hobgoblins
  2 jackals (D:4)
  3 kobolds
  3 quokkas
  A bat simulacrum (D:4)
  2 frilled lizards
  7 rats
125 creatures vanquished.

Vanquished Creatures (collateral kills)
  An adder (D:6)
  An orc (Bailey)
  2 goblins (Bailey)
  2 hobgoblins (Bailey)
  A rat (D:2)
7 creatures vanquished.

Vanquished Creatures (others)
  A dancing weapon (Bailey)
  A hobgoblin (Bailey)
2 creatures vanquished.

Grand Total: 134 creatures vanquished

Notes
Turn   | Place    | Note
-------+----------+-------------------------------------------
     0 | D:1      | edcfbkj the Spriggan Enchanter began the quest for the Orb.
     0 | D:1      | Reached XP level 1. HP: 9/9 MP: 5/5
   168 | D:1      | Found Tomejit's General Store.
   225 | D:1      | Found Jueppoc's Antique Armour Shoppe.
   347 | D:1      | Reached XP level 2. HP: 7/13 MP: 7/7
   350 | D:1      | Learned a level 2 spell: Ensorcelled Hibernation
   766 | D:1      | Bought a potion of curing for 36 gold pieces
  1134 | D:2      | Found a faded altar of an unknown god.
  1310 | D:2      | Noticed Terence
  1425 | D:2      | Killed Terence
  1426 | D:2      | Reached XP level 3. HP: 16/16 MP: 0/9
  1822 | D:3      | Reached skill level 5 in Hexes
  1822 | D:3      | Reached XP level 4. HP: 21/21 MP: 8/11
  2305 | D:4      | Noticed Sigmund
  2326 | D:4      | Reached XP level 5. HP: 22/24 MP: 4/13
  2342 | D:4      | Killed Sigmund
  2343 | D:4      | Reached skill level 5 in Spellcasting
  2343 | D:4      | Reached XP level 6. HP: 28/28 MP: 4/15
  2585 | D:3      | Reached skill level 5 in Stealth
  2721 | D:4      | Reached XP level 7. HP: 32/32 MP: 17/17
  2998 | D:4      | Reached skill level 6 in Stealth
  3236 | D:4      | Found a staircase to the Ecumenical Temple.
  3246 | Temple   | Entered the Ecumenical Temple
  3268 | Temple   | Became a worshipper of Dithmenos the Shadowed
  3351 | D:5      | Entered Level 5 of the Dungeon
  3750 | D:4      | Learned a level 3 spell: Tukima's Dance
  3754 | D:4      | Learned a level 3 spell: Dazzling Flash
  3765 | D:5      | Reached skill level 7 in Stealth
  3870 | D:5      | Noticed Grinder
  3885 | D:5      | Paralysed by Grinder for 5 turns
  3896 | D:5      | Paralysed by Grinder for 2 turns
  3901 | D:5      | Paralysed by Grinder for 6 turns
  4111 | D:5      | Killed Grinder
  4112 | D:5      | Reached skill level 8 in Stealth
  4112 | D:5      | Reached XP level 8. HP: 35/36 MP: 13/20
  4604 | D:5      | Found a runed translucent door.
  4605 | D:5      | Noticed Crazy Yiuf
  4612 | D:5      | Killed Crazy Yiuf
  4824 | D:6      | Noticed Menkaure
  4854 | D:6      | Reached skill level 9 in Stealth
  4860 | D:6      | Found an iron altar of Okawaru.
  4877 | D:6      | Killed Menkaure
  5071 | D:6      | Reached * piety under Dithmenos
  5307 | D:7      | Found a flagged portal.
  5333 | Bailey   | Entered a bailey
  5544 | Bailey   | Found an iron altar of Okawaru.
  5544 | Bailey   | Noticed an orc high priest
  5544 | Bailey   | Noticed an orc sorcerer
  5586 | Bailey   | Killed an orc sorcerer
  5587 | Bailey   | Reached skill level 10 in Stealth
  5587 | Bailey   | Reached XP level 9. HP: 31/39 MP: 9/23
  5646 | Bailey   | Noticed a sixfirhy
  5648 | Bailey   | Slain by a sixfirhy

Illustrated notes

Levels and vault maps discovered:
D:1:      heliophobic_arrival_henge, layout_basic, serial_shops,
          nicolae_shop_trees, nicolae_shop_stone
D:2:      layout_loops_ring, ebering_ecumenical_altar_hall, uniq_terence
D:3:      layout_basic
D:4:      layout_rooms, minmay_temple_entry_fiery, goddamned_bats, uniq_sigmund
D:5:      minmay_angry_zag, layout_loops_cross, kennysheep_cross_room,
          uniq_grinder, uniq_crazy_yiuf_cottage
D:6:      layout_cave_pools, mainiacjoe_overflow_concentric_impassable,
          uniq_menkaure
D:7:      layout_basic, enter_bailey_2
Temple:   eino_wide_crystal_templ
Bailey:   bailey_axe_of_yendor_kennysheep, bailey

Skill      XL: |  1  2  3  4  5  6  7  8 |
---------------+-------------------------+-----
Spellcasting   | 3 4 5 6 7 9 |  9.4
Hexes          | 4 5 6 7 8 9 |  9.8
Stealth        | 5 8 10 | 10.4
Short Blades   | |  1.1
Dodging        | |  2.6

Action                   |  1- 3 |  4- 6 |  7- 9 || total
-------------------------+-------+-------+-------++-------
Melee: Dagger            |    69 |    85 |   229 ||   383
 Cast: Ensorcelled Hiber |     7 |    23 |    47 ||    77
       Dazzling Flash    |       |       |    11 ||    11
       Tukima's Dance    |       |       |     7 ||     7
  Use: Scroll            |     4 |     2 |     4 ||    10
       Potion            |       |       |     1 ||     1
 Stab: Sleeping          |    15 |    15 |    39 ||    69
       Invisible         |       |       |     4 ||     4
       Distracted        |       |       |     1 ||     1
Armor: Robe              |     3 |     5 |    33 ||    41
Dodge: Dodged            |    44 |    85 |   185 ||   314

Table legend: (Time is in decaauts)
 A = Elapsed time spent in this place.
 B = Non-inter-level travel time spent in this place.
 C = Inter-level travel time spent in this place.
 D = Time resting spent in this place.
 E = Time spent auto-exploring this place.
 F = Levels seen in this place.
 G = Mean time per level.
                   A        B        C        D        E       F      G
               +--------+--------+--------+--------+--------+-----+--------+
         Total |   4174 |   4078 |     96 |    888 |   1988 |   9 |  463.8 |
       Dungeon |   3877 |   3789 |     88 |    711 |   1975 |   7 |  553.9 |
        Temple |     22 |     15 |      7 |      0 |      3 |   1 |   22.0 |
        Bailey |    274 |    274 |      0 |    177 |     10 |   1 |  274.0 |
               +--------+--------+--------+--------+--------+-----+--------+

Top non-repeatable levels by time:
     D:5: 1099 daAuts
     D:4: 732 daAuts
     D:2: 575 daAuts
     D:3: 552 daAuts
     D:1: 528 daAuts
     D:6: 322 daAuts
  Bailey: 274 daAuts
     D:7: 67 daAuts
  Temple: 22 daAuts
